 Dungeon Crawl Stone Soup version 0.17.0-1-g61d176b (webtiles) character file.

70 HungrySpirit the Cudgeler (level 4, 0/28 HPs)
             Began as a Gargoyle Fighter on Nov 7, 2015.
             Was an Initiate of Okawaru.
             Slain by a gnoll
             ... wielding a +0 spear
              (2 damage)
             ... on level 2 of the Dungeon.
             The game lasted 00:02:18 (1648 turns).

HungrySpirit the Cudgeler (Gargoyle Fighter)        Turns: 1648, Time: 00:02:18

Health: 0/28       AC: 11    Str: 20    XL:     4   Next: 22%
Magic:  4/4        EV:  5    Int:  9    God:    Okawaru [......]
Gold:   39         SH:  0    Dex:  9    Spells: 0 memorised, 3 levels left

rFire  . . .     SeeInvis .     a - +0 flail
rCold  . . .     Clarity  .     b - +0 scale mail
rNeg   + . .     SustAt   .     (no shield)
rPois  ∞         Gourm    .     (no helmet)
rElec  +         Spirit   .     (no cloak)
rCorr  .         Warding  .     o - +0 pair of gloves (curse)
rMut   .         Stasis   .     (no boots)
MR     .....                    (no amulet)
Stlth  ..........               (no ring)
                                (no ring)

@: held, not resistant to hostile enchantments, extremely unstealthy
A: negative energy resistance 1, electricity resistance, unbreathing,
petrification resistance, rot immunity, AC +3
a: Renounce Religion


You were on level 2 of the Dungeon.
You worshipped Okawaru.
Okawaru was noncommittal.
You were hungry.

You visited 1 branch of the dungeon, and saw 2 of its levels.

You collected 39 gold pieces.

Inventory:

Hand Weapons
 a - a +0 flail (weapon)
Armour
 b - a +0 scale mail (worn)
 c - a +0 shield
 o - a cursed +0 pair of gloves (worn)
Jewellery
 n - an uncursed ring of flight {unknown}
Scrolls
 f - a scroll of fear {unknown}
 h - a scroll of enchant weapon {unknown}
Potions
 d - a potion of might
 g - a potion of flight {unknown}
 i - 2 potions of mutation {unknown}
 m - a potion of brilliance {unknown}
 p - a potion of invisibility {unknown}
Comestibles
 e - 2 bread rations
 j - a meat ration
 k - a royal jelly
 l - a slice of pizza
 q - 3 chunks of flesh


   Skills:
 - Level 3.2 Fighting
 + Level 4.3 Maces & Flails
 - Level 3.2 Armour
 - Level 3.2 Shields


You had 3 spell levels left.
You didn't know any spells.

Dungeon Overview and Level Annotations

Branches:
Dungeon (2/15)

Altars:
Okawaru
Yredelemnul


Innate Abilities, Weirdness & Mutations

You are resistant to torment.
Your stone body is resilient (AC +3).
You are immune to poison.
You resist negative energy.
You are resistant to electric shocks.
You can survive without breathing.
You are immune to petrification.
You are immune to rotting.


Message History

* * * LOW HITPOINT WARNING * * *
The gnoll hits you but does no damage.
The gnoll hits you from afar with a spear.
* * * LOW HITPOINT WARNING * * *
You see here 19 stones.
The gnoll throws a throwing net.
The throwing net hits you.
You become entangled in the net!
You see here a throwing net.
You struggle against the net.
You struggle against the net.
The gnoll barely misses you.
You shred the net and break free! The gnoll barely misses you.
The gnoll hits you from afar with a spear.
* * * LOW HITPOINT WARNING * * *
The gnoll throws a throwing net.
The throwing net hits you.
You become entangled in the net!
You see here a throwing net.
You struggle against the net.
You try to slip out of the net.
The gnoll hits you from afar with a spear.
You die...

..........#####.####
#####...#..(g......# .
##.########.##.# #.
#.# #.# # ..... #.#
#g##.#.# ..... #+#
#......# ###.##.
#g###### ...... #.##
#.##[ #.@## #..<.
####...###########....
+.....................
####...###########.(..
#..## #...... #.##
#.##### #.# #.# #.#
#.# #.. ##.##


You could see 2 gnolls.

Vanquished Creatures
  3 gnolls (D:2)
  A worm (D:2)
  2 giant geckos (D:1)
  An orc (D:2)
  A giant cockroach (D:2)
  6 goblins
  2 hobgoblins
  A kobold (D:2)
  A quokka (D:2)
  2 ball pythons (D:1)
  3 bats (D:1)
  4 giant newts (D:2)
  7 jackals
  4 rats
38 creatures vanquished.

Notes
Turn   | Place    | Note
--------------------------------------------------------------
     0 | D:1      | HungrySpirit the Gargoyle Fighter began the quest for the Orb.
     0 | D:1      | Reached XP level 1. HP: 14/14 MP: 1/1
   142 | D:1      | Reached XP level 2. HP: 19/19 MP: 2/2
   436 | D:1      | You fall through a shaft!
  1087 | D:2      | Reached XP level 3. HP: 20/23 MP: 3/3
  1184 | D:2      | Found a basalt altar of Yredelemnul.
  1463 | D:2      | Reached skill level 4 in Maces & Flails
  1465 | D:2      | Found an iron altar of Okawaru.
  1473 | D:2      | Became a worshipper of Warmaster Okawaru
  1596 | D:2      | Reached XP level 4. HP: 26/28 MP: 4/4
  1648 | D:2      | Slain by a gnoll

Action                   |  1- 3 |  4- 6 || total
-------------------------+-------+-------++-------
Melee: Flail             |   144 |    12 ||   156
  Eat: Chunk             |     2 |       ||     2
